 Dungeon Crawl Stone Soup version 0.31-a0-358-gac0dbeb3ab (webtiles) character file.

Game seed: 7534455546873669682

100 vineage the Trooper (level 4, 0/32 HPs)
             Began as a Gargoyle Fighter on July 25, 2023.
             Killed from afar by Ijyb (7 damage)
             ... with a bolt of acid
             ... on level 3 of the Dungeon.
             The game lasted 00:02:07 (2188 turns).

vineage the Trooper (Gargoyle Fighter)              Turns: 2188, Time: 00:02:07

Health: 0/32       AC: 17    Str: 21    XL:     4   Next: 73%
Magic:  4/4        EV:  5    Int:  9    God:
Gold:   155        SH:  4    Dex:  9    Spells: 3/3 levels left

rFire   . . .        a - +0 flail
rCold   . . .        c - +0 buckler
rNeg    + + .        n - +0 plate armour
rPois   ∞            (no helmet)
rElec   +            (no cloak)
rCorr   .            h - +1 pair of gloves
SInv    .            (no boots)
Will    .....        l - amulet of regeneration Stlth
                     g - ring of positive energy
HPRegen 1.05/turn    (no ring)
MPRegen 0.09/turn

%: no passive effects
@: mighty
A: sickness immunity, AC +3, negative energy resistance 1, electricity
resistance, torment resistance 1, petrification resistance
a: no special abilities


You were on level 3 of the Dungeon.
You visited 1 branch of the dungeon, and saw 3 of its levels.

You collected 155 gold pieces.

Inventory:

Hand Weapons
 a - a +0 flail (weapon)
Armour
 b - a +0 scale mail
 c - a +0 buckler (worn)
 h - a +1 pair of gloves (worn)
 n - a +0 plate armour (worn)
Jewellery
 g - a ring of positive energy (left hand)
 l - an amulet of regeneration (around neck)
Scrolls
 e - 3 scrolls of teleportation
 i - a scroll of blinking {unknown}
Potions
 d - 2 potions of might
 f - a potion of ambrosia {unknown}
 j - a potion of enlightenment {unknown}
 k - 2 potions of lignification
 m - a potion of brilliance {unknown}
 p - a potion of resistance {unknown}


   Skills:
 * Level 5.8 Fighting
 - Level 2.0 Maces & Flails
 - Level 3.2 Armour
 - Level 3.2 Shields


You had 3 spell levels left.
You didn't know any spells.
Your spell library contained the following spells:

 Spells                   Type           Power      Damage    Failure   Level
 Slow                     Hex            0%         N/A       100%        1
 Confusing Touch          Hex            0%         N/A       100%        3
 Dazzling Flash           Conj/Hex       0%         N/A       100%        3
 Vampiric Draining        Necr           0%         2d6       100%        3
 Volatile Blastmotes      Fire/Tloc      0%         2d10      100%        3
 Starburst                Conj/Fire      0%         6d3       100%        6
 Maxwell's Capacitive Co  Air            0%         ∞         100%        8


Dungeon Overview and Level Annotations

Branches:
Dungeon (3/15)

Altars:

Annotations:
D:3 Ijyb


Innate Abilities, Weirdness & Mutations

You are immune to sickness and miasma.
Your stone body is resilient. (AC +3)
You are immune to poison.
You resist negative energy. (rN+)
You are resistant to electric shocks. (rElec)
You are resistant to unholy torment.
You are immune to petrification.


Message History

You are too injured to fight recklessly!
It was a potion of curing.
You feel better.
Ijyb zaps a wand.
The bolt of acid misses you.
You feel very mighty all of a sudden. Ijyb hits you with a +0 dagger.
You hit Ijyb.
Ijyb is moderately wounded.
Ijyb zaps a wand.
The bolt of acid hits you!
* * * LOW HITPOINT WARNING * * *
You feel better. You block Ijyb's attack.
You hit Ijyb.
Ijyb is heavily wounded.
Ijyb hits you but does no damage.
You closely miss Ijyb.
Ijyb is heavily wounded.
Ijyb closely misses you. Ijyb hits you but does no damage.
You barely miss Ijyb.
Ijyb is heavily wounded.
Ijyb barely misses you.
You closely miss Ijyb.
Ijyb is heavily wounded.
Ijyb hits you with a +0 dagger.
You hit Ijyb.
Ijyb is severely wounded.
Ijyb hits you but does no damage. You block Ijyb's attack.
You closely miss Ijyb.
Ijyb is severely wounded.
You block Ijyb's attack.
You closely miss Ijyb.
Ijyb is severely wounded.
Ijyb zaps a wand.
The bolt of acid hits you!
* * * LOW HITPOINT WARNING * * *
You sock Ijyb!
Ijyb is almost dead.
Ijyb hits you but does no damage. Ijyb hits you with a +0 dagger.
* * * LOW HITPOINT WARNING * * *
You barely miss Ijyb.
Ijyb is almost dead.
Ijyb zaps a wand.
The bolt of acid hits you!
You die...

### ... #.# #.#
##.## #......
...##g# #..##@#
#..##.# #..##.#
#..#..#
.#.###..#.######
.#
..........)....#
#.#
##..##..#.####.#
...###. #..#.#
#.# #...##.
#..#.#
#.######......


You could see Ijyb.

Vanquished Creatures
  A gnoll (D:2)
  2 adders (D:3)
  A dart slug (D:2)
  5 ball pythons
  5 endoplasms
  4 giant cockroaches
  6 goblins
  10 hobgoblins
  5 jackals (D:1)
  7 kobolds
  2 quokkas (D:1)
  3 bats (D:1)
  3 frilled lizards
  7 rats
61 creatures vanquished.

Notes
Turn   | Place    | Note
-------+----------+-------------------------------------------
     0 | D:1      | vineage the Gargoyle Fighter began the quest for the Orb.
     0 | D:1      | Reached XP level 1. HP: 14/14 MP: 1/1
    22 | D:1      | Noticed an eye of devastation
   104 | D:1      | Reached XP level 2. HP: 20/20 MP: 2/2
   119 | D:1      | Noticed a golden eye
   121 | D:1      | Found a faded altar of an unknown god.
   122 | D:1      | Noticed an eye of devastation
   122 | D:1      | Noticed a golden eye
   148 | D:1      | Reached skill level 4 in Fighting
   420 | D:1      | Reached XP level 3. HP: 24/24 MP: 3/3
  1138 | D:2      | Reached skill level 5 in Fighting
  1584 | D:2      | Reached XP level 4. HP: 31/31 MP: 4/4
  1980 | D:2      | Identified the +0 ring mail of Depression {rF+ rN+ Int-5
                  | Slay+3}
  2156 | D:3      | Noticed Ijyb
  2188 | D:3      | Killed from afar by Ijyb

Illustrated notes

Levels and vault maps discovered:
D:1:      dpeg_arrival_rooms_c, layout_basic,
          hellmonk_ecumenical_altar_watching_god
D:2:      kennysheep_six_static_rooms, layout_basic
D:3:      layout_loops_ring, uniq_ijyb

Skill      XL: |  1  2  3 |
---------------+----------+-----
Fighting       | 4 5 |  5.8
Maces & Flails | |  2.0
Armour         | |  3.2
Shields        | |  3.2

Action                     |  1- 3 |  4- 6 || total
---------------------------+-------+-------++-------
  Melee: Flail             |   142 |    71 ||   213
    Use: Scroll            |     2 |     4 ||     6
         Potion            |       |     3 ||     3
 Armour: Scale mail        |    81 |       ||    81
         Plate armour      |       |    58 ||    58
  Dodge: Dodged            |    80 |    24 ||   104
  Block: Buckler           |    32 |    18 ||    50

Table legend: (Time is in decaauts)
 A = Elapsed time spent in this place.
 B = Non-inter-level travel time spent in this place.
 C = Inter-level travel time spent in this place.
 D = Time resting spent in this place.
 E = Time spent auto-exploring this place.
 F = Levels seen in this place.
 G = Mean time per level.
                   A        B        C        D        E       F      G
               +--------+--------+--------+--------+--------+-----+--------+
         Total |   2257 |   2195 |     62 |      0 |   1682 |   3 |  752.3 |
       Dungeon |   2257 |   2195 |     62 |      0 |   1682 |   3 |  752.3 |
               +--------+--------+--------+--------+--------+-----+--------+

Top non-repeatable levels by time:
     D:1: 1164 daAuts
     D:2: 953 daAuts
     D:3: 139 daAuts
